 Dungeon Crawl Stone Soup version 0.27.1-33-g824d729ab1 (webtiles) character file.

Game seed: 12908114957933264143

1942 Syndras1 the Conjurer (level 9, -12/65 HPs)
             Began as a Gnoll Conjurer on Dec 26, 2021.
             Was an Initiate of Sif Muna.
             Mangled by Harold (16 damage)
             ... on level 7 of the Dungeon.
             The game lasted 00:14:11 (7637 turns).

Syndras1 the Conjurer (Gnoll Conjurer)              Turns: 7637, Time: 00:14:12

Health: -12/65     AC: 11    Str:  7    XL:     9   Next: 18%
Magic:  13/18      EV: 13    Int: 20    God:    Sif Muna [......]
Gold:   244        SH:  0    Dex: 11    Spells: 3/20 levels left

rFire    + . .     SeeInvis .   i - staff of conjuration
rCold    . . .     Faith    .   (no shield)
rNeg     + . .     Spirit   .   w - +2 leather armour {rF+}
rPois    .         Reflect  .   (no helmet)
rElec    .         Harm     .   (no cloak)
rCorr    .         Rampage  .   H - +0 pair of gloves
Will     .....                  o - +0 pair of boots
Stlth    +++.......             (no amulet)
HPRegen  0.20/turn              s - ring of positive energy
MPRegen  0.16/turn              D - +4 ring of protection

@: sluggish, very slow
A: fangs 1, strong nose, distributed training
a: Renounce Religion


You were on level 7 of the Dungeon.
You worshipped Sif Muna.
Sif Muna was noncommittal.
You visited 2 branches of the dungeon, and saw 8 of its levels.

You collected 244 gold pieces.

Inventory:

Hand Weapons
 u - a +3 halberd of venom
 G - the +3 short sword "Vot Dasoesm" {vorpal, +Blink rC- rN+++ Str+5}
   (You found it on level 5 of the Dungeon)

   It inflicts extra damage upon your enemies.
   Str:       It affects your strength (+5).
   rC:        It makes you vulnerable to cold.
   rN:        It renders you almost immune to negative energy.
   +Blink:    It lets you blink.
Missiles
 b - 104 stones
 g - 27 poisoned darts
 j - 14 javelins
Armour
 a - a +0 robe
 o - a +0 pair of boots (worn)
 w - a +2 leather armour of fire resistance (worn)
 H - a +0 pair of gloves (worn)
Magical Staves
 i - a staff of conjuration (weapon)
Jewellery
 s - a ring of positive energy (left hand)
 v - a ring of see invisible
 D - a +4 ring of protection (right hand)
Wands
 m - a wand of iceblast (10)
 q - a wand of polymorph (8)
 A - a wand of mindburst (12)
Scrolls
 e - a scroll of identify
 f - a scroll of acquirement {unknown}
 k - 2 scrolls of magic mapping
 r - a scroll of enchant weapon {unknown}
 x - a scroll of brand weapon {unknown}
 y - 3 scrolls of enchant armour
 B - a scroll of teleportation {unknown}
 C - a scroll of immolation {unknown}
 K - a scroll of fear {unknown}
 L - 2 scrolls of noise
Potions
 h - 2 potions of curing {unknown}
 l - a potion of brilliance {unknown}
 n - 3 potions of invisibility {unknown}
 p - a potion of attraction {unknown}
 t - 2 potions of degeneration {unknown}
 z - a potion of flight {unknown}
 E - a potion of cancellation {unknown}
 F - 2 potions of mutation {unknown}
 M - a potion of heal wounds {unknown}


   Skills:
 + Level 4.0 Fighting
 + Level 4.0 Short Blades
 + Level 4.0 Long Blades
 + Level 4.0 Axes
 + Level 4.0 Maces & Flails
 + Level 4.0 Polearms
 + Level 4.0 Staves
 + Level 4.0 Slings
 + Level 4.0 Bows
 + Level 4.0 Crossbows
 + Level 4.0 Throwing
 + Level 4.0 Armour
 + Level 6.1 Dodging
 + Level 5.8 Stealth
 + Level 4.0 Shields
 + Level 4.0 Unarmed Combat
 + Level 6.4 Spellcasting
 + Level 7.9 Conjurations
 + Level 3.2 Hexes
 + Level 3.2 Summonings
 + Level 3.2 Necromancy
 + Level 3.2 Translocations
 + Level 3.2 Transmutations
 + Level 3.2 Fire Magic
 + Level 3.2 Ice Magic
 + Level 3.2 Air Magic
 + Level 3.2 Earth Magic
 + Level 3.2 Poison Magic
 + Level 4.4 Invocations
 + Level 4.0 Evocations


You had 3 spell levels left.
You knew the following spells:

 Your Spells              Type           Power      Damage    Failure   Level
a - Magic Dart            Conj           100%       1d8       1%          1
b - Searing Ray           Conj           100%       3d7       1%          2
c - Dazzling Flash        Conj/Hex       86%        N/A       4%          3
d - Swiftness             Air            19%        N/A       12%         3
e - Iskenderun's Mystic   Conj/Tloc      43%        2d10      14%         4
f - Fulminant Prism       Conj/Hex       21%        3d13      14%         4

Your spell library contained the following spells:

 Spells                   Type           Power      Damage    Failure   Level
 Shock                    Conj/Air       100%       1d9       1%          1
 Animate Skeleton         Necr           38%        N/A       3%          1
 Apportation              Tloc           38%        N/A       3%          1
 Beastly Appendage        Tmut           38%        N/A       3%          1
 Corona                   Hex            21%        N/A       3%          1
 Pain                     Necr           76%        1d7       3%          1
 Summon Small Mammal      Summ           76%        N/A       3%          1
 Wereblood                Tmut           19%        N/A       6%          2
 Ozocubu's Armour         Ice            19%        N/A       12%         3
 Spider Form              Tmut/Pois      9%         N/A       12%         3
 Vampiric Draining        Necr           9%         2d7       12%         3
 Airstrike                Air            9%         N/A       36%         4
 Ozocubu's Refrigeration  Ice            9%         4d6       100%        7


Dungeon Overview and Level Annotations

Branches:
Dungeon (7/15)             Temple (1/1) D:5

Altars:
Ashenzari
Cheibriados
Dithmenos
Elyvilon
Fedhas
Gozag
Hepliaklqana
Kikubaaqudgha
Makhleb
Nemelex Xobeh
Okawaru
Qazlal
Ru
Sif Muna
Trog
Uskayaw
Vehumet
Wu Jian
Xom
Yredelemnul
The Shining One

Shops:
D:4 :

Annotations:
D:7 Harold


Innate Abilities, Weirdness & Mutations

You have very sharp teeth.
Your uncanny sense of smell can sniff out nearby items.
Your experience applies equally to all skills.


Message History

L - 2 scrolls of noise
As you read the scroll of identify, it crumbles to dust.
N - 2 scrolls of blinking Harold hits you with a +2 flail of protection!
As you read the scroll of identify, it crumbles to dust.
k - 2 scrolls of magic mapping Harold barely misses you.
As you read the scroll labelled WOEPEU FI VOIR, it crumbles to dust.
Your body is wracked with pain!
Harold convulses!
It was a scroll of torment.
Harold hits you with a +2 flail of protection!
* * * LOW HITPOINT WARNING * * *
Harold closely misses you.
Blink to where?
Press: ? - help, Dir - move target
As you read the scroll of blinking, it crumbles to dust.
Harold fires a harpoon shot at you. The harpoon shot hits you!
* * * LOW HITPOINT WARNING * * *
You are yanked forward by the harpoon shot.
Blink to where?
Press: ? - help, Dir - move target
As you read the scroll of blinking, it crumbles to dust.
Harold throws a throwing net.
The throwing net hits you.
You become entangled in the net!
You tear a large gash into the net.
Your magical contamination has completely faded away.
You struggle against the net.
You start to feel a little faster.
You feel yourself speed up.
You shred the net and break free! Harold fires a harpoon shot at you.
The harpoon shot hits you!
* * * LOW HITPOINT WARNING * * *
You are yanked forward by the harpoon shot.
Unknown command.
As you read the scroll labelled LIOHUGH GAVAXU, it crumbles to dust.
It is a scroll of amnesia.
Really abort (and waste the scroll)?
Okay, then.
Harold hits you with a +2 flail of protection!
You die...

# # ### # .#.# ∆ ##### #
.#.###.#######...# #
.#.....#.....#.#.#
####.#.#####.###.#.#.####
.....#.........#.#.#....#
.....#.#>.##.#.#.#.######
.....#.#..#....#@....#
.....#.#..#.....@#.#.#
.....#.#...........#.#
.....#.#########.###.#
##.###.# #.(...).....#
##...#<# #...§.#######
####.#.# #....).....#
##...#.# #.###.####.#
##.###.#.. ..#


You could see Harold.

Vanquished Creatures
  Eustachio (D:4)
  The ghost of Jazqba the Chopper, an amateur HOGl of Vehumet (D:4)
  Edmund (D:4)
  An ice beast (D:7)
  A necrophage (D:4)
  An ogre (D:6)
  Blork the orc (D:4)
  A bullfrog (D:6)
  2 scorpions (D:6)
  8 wights
  2 bullfrog zombies
  3 hounds
  3 jellies
  A bullfrog skeleton (D:4)
  2 orc priests (D:3)
  3 iguanas
  2 orc wizards
  4 gnolls (D:3)
  9 adders
  A shadow imp (D:6)
  4 worms
  2 dart slugs (D:1)
  20 orcs
  4 ball pythons
  4 endoplasms
  5 giant cockroaches
  5 goblins
  7 hobgoblins
  4 jackals (D:4)
  10 kobolds
  5 quokkas
  2 bats
  2 frilled lizards (D:1)
  5 rats
127 creatures vanquished.

Notes
Turn   | Place    | Note
-------+----------+-------------------------------------------
     0 | D:1      | Syndras1 the Gnoll Conjurer began the quest for the Orb.
     0 | D:1      | Reached XP level 1. HP: 13/13 MP: 6/6
   644 | D:1      | Reached XP level 2. HP: 19/19 MP: 4/7
   976 | D:1      | Learned a level 2 spell: Searing Ray
  1276 | D:2      | Found a faded altar of an unknown god.
  1278 | D:2      | Reached skill level 5 in Spellcasting
  1278 | D:2      | Reached XP level 3. HP: 25/25 MP: 5/9
  1379 | D:2      | Learned a level 3 spell: Dazzling Flash
  1383 | D:2      | Learned a level 3 spell: Swiftness
  1779 | D:2      | Reached skill level 1 in Invocations
  1967 | D:2      | Reached skill level 1 in Fighting
  1967 | D:2      | Reached skill level 1 in Short Blades
  1967 | D:2      | Reached skill level 1 in Long Blades
  1967 | D:2      | Reached skill level 1 in Axes
  1967 | D:2      | Reached skill level 1 in Maces & Flails
  1967 | D:2      | Reached skill level 1 in Polearms
  1967 | D:2      | Reached skill level 1 in Staves
  1967 | D:2      | Reached skill level 1 in Slings
  1967 | D:2      | Reached skill level 1 in Bows
  1967 | D:2      | Reached skill level 1 in Crossbows
  1967 | D:2      | Reached skill level 1 in Throwing
  1967 | D:2      | Reached skill level 1 in Armour
  1967 | D:2      | Reached skill level 1 in Shields
  1967 | D:2      | Reached skill level 1 in Unarmed Combat
  1967 | D:2      | Reached skill level 1 in Evocations
  2118 | D:3      | Reached XP level 4. HP: 27/32 MP: 4/11
  2120 | D:3      | Reached skill level 1 in Hexes
  2120 | D:3      | Reached skill level 1 in Summonings
  2120 | D:3      | Reached skill level 1 in Necromancy
  2120 | D:3      | Reached skill level 1 in Translocations
  2120 | D:3      | Reached skill level 1 in Transmutations
  2120 | D:3      | Reached skill level 1 in Fire Magic
  2120 | D:3      | Reached skill level 1 in Ice Magic
  2120 | D:3      | Reached skill level 1 in Air Magic
  2120 | D:3      | Reached skill level 1 in Earth Magic
  2120 | D:3      | Reached skill level 1 in Poison Magic
  2559 | D:3      | Reached XP level 5. HP: 37/37 MP: 5/12
  3210 | D:4      | Noticed Edmund
  3230 | D:4      | Killed Edmund
  3231 | D:4      | Reached skill level 5 in Dodging
  3231 | D:4      | Reached XP level 6. HP: 44/44 MP: 3/14
  3343 | D:4      | Noticed a necrophage
  3379 | D:4      | Killed a necrophage
  3380 | D:4      | Reached XP level 7. HP: 50/50 MP: 10/15
  3561 | D:4      | Found Haumis's Book Emporium.
  3869 | D:4      | Noticed Blork the orc
  3874 | D:4      | Killed Blork the orc
  4307 | D:4      | Found a runed translucent door.
  4311 | D:4      | Noticed Jazqba's ghost (amateur HOGl)
  4319 | D:4      | Killed Jazqba's ghost
  4320 | D:4      | Reached skill level 5 in Stealth
  4710 | D:4      | Noticed Eustachio
  4725 | D:4      | Killed Eustachio
  4726 | D:4      | Reached XP level 8. HP: 58/58 MP: 3/16
  5032 | D:5      | Entered Level 5 of the Dungeon
  5636 | D:5      | Found a staircase to the Ecumenical Temple.
  5699 | Temple   | Entered the Ecumenical Temple
  5963 | Temple   | Became a worshipper of Sif Muna the Loreminder
  6015 | D:5      | Identified the +3 short sword "Vot Dasoesm" {vorpal, +Blink
                  | rC- rN+++ Str+5}
  6065 | D:5      | Learned a level 4 spell: Iskenderun's Mystic Blast
  6070 | D:5      | Learned a level 4 spell: Fulminant Prism
  7159 | D:6      | Reached XP level 9. HP: 65/65 MP: 11/18
  7406 | D:7      | Noticed Harold
  7636 | D:7      | HP: 3/65 [Harold/harpoon shot (8)]
  7637 | D:7      | Mangled by Harold

Illustrated notes

Levels and vault maps discovered:
D:1:      amcnicky_arrival_double_pillar, layout_basic
D:2:      layout_basic, ebering_ecumenical_altar_ruins
D:3:      layout_basic
D:4:      layout_layer_cave, ebering_ghost_reflecting_pool,
          minmay_shop_grid_forest, corexii_checkpoint_a, minmay_puff,
          uniq_edmund, uniq_eustachio, uniq_blork_the_orc
D:5:      kennysheep_spiral_hall, layout_basic, temple_statues
D:6:      layout_basic
D:7:      layout_basic, enter_bailey_2, kennysheep_cross_room, uniq_harold
Temple:   nicolae_temple_the_god_donut

Skill      XL: |  1  2  3  4  5  6  7  8  9 |
---------------+----------------------------+-----
Spellcasting   | 5 6 |  6.4
Invocations    | 1 2 3 4 |  4.4
Fighting       | 1 2 3 4 |  4.0
Short Blades   | 1 2 3 4 |  4.0
Long Blades    | 1 2 3 4 |  4.0
Axes           | 1 2 3 4 |  4.0
Maces & Flails | 1 2 3 4 |  4.0
Polearms       | 1 2 3 4 |  4.0
Staves         | 1 2 3 4 |  4.0
Slings         | 1 2 3 4 |  4.0
Bows           | 1 2 3 4 |  4.0
Crossbows      | 1 2 3 4 |  4.0
Throwing       | 1 2 3 4 |  4.0
Armour         | 1 2 3 4 |  4.0
Shields        | 1 2 3 4 |  4.0
Unarmed Combat | 1 2 3 4 |  4.0
Evocations     | 1 2 3 4 |  4.0
Hexes          | 1 2 3 |  3.2
Summonings     | 1 2 3 |  3.2
Necromancy     | 1 2 3 |  3.2
Translocations | 1 2 3 |  3.2
Transmutations | 1 2 3 |  3.2
Fire Magic     | 1 2 3 |  3.2
Ice Magic      | 1 2 3 |  3.2
Air Magic      | 1 2 3 |  3.2
Earth Magic    | 1 2 3 |  3.2
Poison Magic   | 1 2 3 |  3.2
Dodging        | 5 6 |  6.1
Stealth        | 5 |  5.8
Conjurations   | |  7.9

Action                   |  1- 3 |  4- 6 |  7- 9 || total
-------------------------+-------+-------+-------++-------
Melee: Unarmed           |     1 |       |       ||     1
       Staff             |    16 |     7 |    19 ||    42
       Bite              |       |     1 |     3 ||     4
Throw: Dart              |       |     7 |       ||     7
 Cast: Magic Dart        |    26 |       |       ||    26
       Searing Ray       |    18 |    23 |    58 ||    99
       Swiftness         |       |       |     1 ||     1
 Abil: Evoke Blink       |       |       |     1 ||     1
  Use: Scroll            |       |       |     8 ||     8
 Stab: Sleeping          |     2 |       |       ||     2
Armor: Robe              |     5 |     3 |     3 ||    11
       Skin              |       |     4 |       ||     4
Dodge: Dodged            |    13 |    15 |    29 ||    57
